 Dungeon Crawl Stone Soup version 0.20-a0-556-g892c87b (webtiles) character file.

13594 kae the Carver (level 11, -21/101 HPs)
             Began as a Minotaur Fighter on Feb 5, 2017.
             Was a High Priest of Okawaru.
             Demolished by a white ugly thing (25 damage)
             ... on level 10 of the Dungeon.
             The game lasted 00:12:05 (11714 turns).

kae the Carver (Minotaur Fighter)                  Turns: 11714, Time: 00:12:06

Health: -21/101    AC: 12    Str: 24    XL:     11   Next: 77%
Magic:  13/15      EV: 12    Int:  6    God:    Okawaru [*****.]
Gold:   482        SH:  0    Dex:  9    Spells: 10/10 levels left

rFire    + . .     SeeInvis .   x - +4 great sword
rCold    x . .     Gourm    .   b - +0 scale mail
rNeg     . . .     Faith    .   (shield currently unavailable)
rPois    .         Spirit   .   (helmet restricted)
rElec    .         Reflect  .   l - +1 cloak
rCorr    .         Harm     .   (no gloves)
MR       .....                  (no boots)
Stlth    +.........             (no amulet)
Regen    0.3/turn               (no ring)
                                C - ring of fire

@: heroism
A: retaliatory headbutt, horns 2
a: Heroism, Finesse, Renounce Religion


You were on level 10 of the Dungeon.
You worshipped Okawaru.
Okawaru was extremely pleased with you.
You were near starving.

You visited 2 branches of the dungeon, and saw 12 of its levels.

You collected 504 gold pieces.
You spent 22 gold pieces at shops.

Inventory:

Hand Weapons
 a - a +1 long sword
 x - a +4 great sword (weapon)
 z - a +3 long sword
Armour
 b - a +0 scale mail (worn)
 c - a +0 shield
 l - a +1 cloak (worn)
Jewellery
 C - a ring of fire (left hand)
 H - an uncursed amulet of faith {unknown}
 I - an uncursed ring of flight {unknown}
Wands
 r - a wand of flame (17/48)
 s - a wand of iceblast (4/15)
 u - a wand of disintegration (9/24)
 K - a wand of lightning (7/15)
Scrolls
 e - 7 scrolls of teleportation
 i - 2 scrolls of magic mapping
 p - a scroll of enchant armour
 t - 3 scrolls of recharging
 v - a scroll of fog {unknown}
 y - 8 scrolls of identify
 D - 2 scrolls of amnesia
 E - 3 scrolls of remove curse {unknown}
 F - a scroll of random uselessness {unknown}
Potions
 d - 2 potions of curing
 g - 3 potions of mutation
 h - 4 potions of resistance
 j - 2 potions of berserk rage
 k - a potion of haste
 m - 4 potions of flight
 n - 3 potions of cure mutation
 A - 2 potions of brilliance
 B - a potion of invisibility {unknown}
 J - a potion of heal wounds {unknown}
 M - a potion of agility {unknown}
Books
 o - a book of Minor Magic

   Spells                             Type                      Level
   a - Magic Dart                     Conjuration                  1
   b - Blink                          Translocation                2
   c - Call Imp                       Summoning                    2
   d - Repel Missiles                 Charms/Air                   2
   e - Slow                           Hexes                        2
   f - Conjure Flame                  Conjuration/Fire             3
   g - Mephitic Cloud                 Conjuration/Poison/Air       3
 N - a book of Flames

   Spells                             Type                      Level
   a - Flame Tongue                   Conjuration/Fire             1
   b - Throw Flame                    Conjuration/Fire             2
   c - Conjure Flame                  Conjuration/Fire             3
   d - Inner Flame                    Hexes/Fire                   3
   e - Sticky Flame                   Conjuration/Fire             4
   f - Fireball                       Conjuration/Fire             5
Comestibles
 f - 17 bread rations
 q - 9 meat rations
 w - 4 royal jellies


   Skills:
 + Level 10.4(15.4) Fighting
 * Level 13.4(18.4) Long Blades
 + Level 10.5(15.5) Armour
 - Level 3.6(8.6) Shields
 * Level 7.2 Invocations
 + Level 6.2 Evocations


You had 10 spell levels left.
You didn't know any spells.

Dungeon Overview and Level Annotations

Branches:
Dungeon (11/15)            Temple (1/1) D:7            Lair (0/6) D:10
    Orc (0/2) D:9

Altars:
Ashenzari
Cheibriados
Dithmenos
Elyvilon
Fedhas
Gozag
Hepliaklqana
Kikubaaqudgha
Makhleb
Nemelex Xobeh
Okawaru
Qazlal
Ru
Sif Muna
Trog
Uskayaw
Vehumet
Xom
Yredelemnul
Zin
The Shining One

Shops:
D:6 %   D:10 =

Annotations:
D:2 exclusion: oklob plant
D:11 Urug


Innate Abilities, Weirdness & Mutations

You reflexively headbutt those who attack you in melee.
You have a pair of horns on your head.


Message History

You slash the white ugly thing!
The white ugly thing is lightly wounded.
The white ugly thing kicks you! The white ugly thing freezes you!!
You feel a terrible chill!
You slash the white ugly thing!
The white ugly thing is moderately wounded.
The white ugly thing kicks you! The white ugly thing freezes you!!!
You feel a terrible chill!
* * * LOW HITPOINT WARNING * * *
You barely miss the white ugly thing.
The white ugly thing is moderately wounded.
The white ugly thing kicks you but does no damage.
Okay, then.
As you read the scroll of fear, it crumbles to dust.
You assume a fearsome visage.
The white ugly thing resists with some effort.
The white ugly thing kicks you.
* * * LOW HITPOINT WARNING * * *
The white ugly thing freezes you!!
You feel a terrible chill!
You die...

..........................#
.....###..................#
.....# #..................#
.....# #............####..#
.....# #............# #..#
.....# #............# #..#
.....# #............# #..#
.....# #...........># #..#
.....# #........@...# #..#
.....# #.......u....# #..#
.....# #............# #..#
.....# #............# #..#
.....# #............# #..#
.....# #............# #..#
.....# #.........>..####..#
.....# #.......##.........#
.....# #...∩...##.........#


You could see a white ugly thing.

Vanquished Creatures
  The ghost of nht the Slicer, a novice MiAs of Okawaru (D:8)
  A queen ant (D:8)
  3 two-headed ogres
  Sonja (D:10)
  The ghost of kae the Slasher, an amateur MiFi (D:4)
  2 trolls (D:10)
  3 hippogriffs
  2 wyverns
  5 yaks (D:9)
  2 hungry ghosts
  Eustachio (D:4)
  2 basilisks
  An acid dragon (D:9)
  7 soldier ants (D:8)
  2 water moccasins
  4 porcupines
  4 orc warriors
  3 black bears
  An ice beast (D:11)
  2 phantoms
  A sky beast (D:10)
  5 centaurs
  7 ogres
  A crocodile (D:9)
  3 bullfrogs
  4 scorpions
  A wyvern skeleton (D:7)
  9 killer bees (D:9)
  A water moccasin skeleton (D:8)
  12 wights
  4 howler monkeys
  5 crimson imps
  A quasit (D:8)
  6 hounds
  A gnoll shaman (D:7)
  3 bullfrog skeletons
  3 orc priests
  2 jellies
  5 orc wizards
  Jessica (D:2)
  Ijyb (D:2)
  An iguana (D:9)
  30 worker ants
  A hound zombie (D:6)
  2 worker ant zombies
  14 gnolls
  7 adders
  2 shadow imps
  2 oozes
  3 adder skeletons
  3 worms
  A dart slug (D:2)
  6 leopard geckos
  35 orcs
  3 giant cockroaches
  2 goblins
  7 hobgoblins
  10 jackals
  A quokka (D:9)
  2 ball pythons
  7 bats
  8 frilled lizards
  6 kobolds
  2 quokka skeletons
  7 rats
286 creatures vanquished.

Notes
Turn   | Place    | Note
-------+----------+-------------------------------------------
     0 | D:1      | kae the Minotaur Fighter began the quest for the Orb.
     0 | D:1      | Reached XP level 1. HP: 19/19 MP: 0/0
   337 | D:1      | Reached XP level 2. HP: 27/27 MP: 1/1
   366 | D:1      | Reached skill level 3 in Long Blades
   507 | D:2      | Noticed Jessica
   513 | D:2      | Killed Jessica
   513 | D:2      | Reached XP level 3. HP: 26/33 MP: 2/2
   535 | D:2      | Found a shattered altar of Ashenzari.
   551 | D:2      | Noticed Ijyb
   568 | D:2      | Killed Ijyb
   568 | D:2      | Reached skill level 4 in Long Blades
   568 | D:2      | Reached XP level 4. HP: 41/41 MP: 3/3
   609 | D:2      | Found a shadowy altar of Dithmenos.
   615 | D:2      | Found a blossoming altar of Fedhas.
   615 | D:2      | Found a glowing golden altar of the Shining One.
   776 | D:2      | Found a blossoming altar of Fedhas.
   797 | D:2      | Noticed an oklob plant
  1124 | D:3      | Reached XP level 5. HP: 42/47 MP: 4/4
  1220 | D:3      | Reached skill level 5 in Long Blades
  1331 | D:3      | Found a sacrificial altar of Ru.
  1531 | D:4      | Noticed Eustachio
  1570 | D:4      | Reached skill level 5 in Fighting
  1609 | D:4      | Reached skill level 5 in Armour
  1627 | D:4      | Killed Eustachio
  1627 | D:4      | Reached skill level 6 in Long Blades
  1627 | D:4      | Reached XP level 6. HP: 28/56 MP: 5/5
  1891 | D:4      | Reached XP level 7. HP: 57/62 MP: 6/6
  1894 | D:4      | Noticed kae's ghost (amateur MiFi)
  2104 | D:4      | Killed kae's ghost
  2104 | D:4      | Reached skill level 7 in Long Blades
  2692 | D:5      | Entered Level 5 of the Dungeon
  2861 | D:5      | Reached skill level 8 in Long Blades
  3012 | D:5      | Reached XP level 8. HP: 67/71 MP: 7/7
  3459 | D:5      | Reached skill level 1 in Evocations
  4183 | D:6      | Reached skill level 9 in Long Blades
  4829 | D:6      | Reached XP level 9. HP: 78/80 MP: 8/10
  5048 | D:6      | Found Juynoid's Food Shoppe.
  5057 | D:6      | Reached skill level 10 in Long Blades
  5690 | D:7      | Found a staircase to the Ecumenical Temple.
  5878 | Temple   | Entered the Ecumenical Temple
  6008 | Temple   | Became a worshipper of Warmaster Okawaru
  6237 | D:8      | Reached skill level 1 in Invocations
  6243 | D:8      | Reached skill level 11 in Long Blades
  6700 | D:8      | Reached * piety under Okawaru
  6700 | D:8      | Reached XP level 10. HP: 90/90 MP: 12/12
  6876 | D:8      | Noticed a queen ant
  6880 | D:8      | Killed a queen ant
  6880 | D:8      | Reached ** piety under Okawaru
  7666 | D:8      | Reached skill level 12 in Long Blades
  7893 | D:8      | Noticed nht's ghost (novice MiAs)
  7908 | D:8      | Killed nht's ghost
  7908 | D:8      | Reached *** piety under Okawaru
  7908 | D:8      | Reached skill level 5 in Invocations
  7908 | D:8      | Reached skill level 5 in Evocations
  8319 | D:9      | Found a staircase to the Orcish Mines.
  8487 | D:9      | Noticed a two-headed ogre
  8493 | D:9      | Killed a two-headed ogre
  8493 | D:9      | Reached XP level 11. HP: 78/99 MP: 10/14
  8532 | D:9      | Found a deep blue altar of Sif Muna.
  9032 | D:10     | Entered Level 10 of the Dungeon
  9032 | D:10     | Noticed Sonja
  9253 | D:10     | Found a staircase to the Lair.
  9564 | D:9      | Reached skill level 10 in Armour
 10228 | D:9      | Reached skill level 10 in Fighting
 10241 | D:9      | Reached **** piety under Okawaru
 10414 | D:10     | Noticed a two-headed ogre
 10424 | D:10     | Killed a two-headed ogre
 10424 | D:10     | Reached skill level 13 in Long Blades
 10507 | D:10     | Killed Sonja
 10818 | D:10     | Reached ***** piety under Okawaru
 11199 | D:10     | Found Sekifuk's Jewellery Shoppe.
 11207 | D:10     | Bought a cursed amulet of inaccuracy for 22 gold pieces
 11449 | D:11     | Noticed a two-headed ogre
 11479 | D:11     | Killed a two-headed ogre
 11694 | D:11     | Noticed a white ugly thing
 11695 | D:11     | Noticed Urug
 11695 | D:11     | Noticed a white ugly thing
 11714 | D:10     | HP: 4/101 [white ugly thing (2)]
 11714 | D:10     | Demolished by a white ugly thing

Vault maps used:
D:1:      scummos_arrival_checkerplants
D:2:      grunt_temple_overflow_open, minmay_misc_feat_square, tgw_fedhas,
          uniq_jessica, uniq_iyjb
D:3:      nicolae_ru_awakened_eye
D:4:      first_bread, uniq_eustachio
D:5:      roderic_filled_cross, kennysheep_boxes
D:6:      serial_shops, nicolae_shop_stone, lightli_orcish_oven
D:7:      black_bear_nest_1, minmay_temple_entry_poolview, grunt_ogre_cave,
          small_statue_intersection
D:8:      minmay_another_anthill
D:9:      tgw_sif, david_orc_3
D:10:     minmay_lair_entry_grove, serial_shops, shop, uniq_sonja
D:11:     serial_shops, kennysheep_little_box, uniq_erolcha, uniq_urug
Temple:   nicolae_temple_elliptical

Skill      XL: |  1  2  3  4  5  6  7  8  9 10 11 |
---------------+----------------------------------+-----
Long Blades    | 3 4 6 8 9 11 12 13 | 13.4
Fighting       | 4 5 6 7 8 9 10 | 10.4
Armour         | 4 5 6 7 8 9 10 | 10.5
Evocations     | 2 4 5 6 |  6.2
Invocations    | 2 5 7 |  7.2
Shields        | |  3.6

Action                   |  1- 3 |  4- 6 |  7- 9 | 10-12 || total
-------------------------+-------+-------+-------+-------++-------
Melee: Long sword        |    37 |   145 |   176 |       ||   358
       Headbutt          |     8 |    31 |    55 |    64 ||   158
       Great sword       |       |       |   119 |   316 ||   435
Invok: Heroism           |       |       |       |    16 ||    16
Evoke: Wand              |       |       |     8 |       ||     8
  Use: Potion            |     1 |     2 |     1 |     1 ||     5
       Scroll            |       |     4 |    11 |     2 ||    17
  Eat: Chunk             |       |     3 |    14 |    14 ||    31
       Fruit             |       |       |     2 |     1 ||     3
       Royal jelly       |       |       |     1 |       ||     1
Armor: Scale mail        |    12 |    44 |   116 |   168 ||   340
       Skin              |       |    25 |       |       ||    25
Dodge: Dodged            |     7 |    24 |   108 |   184 ||   323
Block: Shield            |    15 |    73 |    70 |       ||   158
       Rpst.: Long sword |     3 |    11 |    15 |       ||    29
       Great sword       |       |       |    19 |    48 ||    67
